 Dungeon Crawl Stone Soup version 0.30-a0-743-gbfdf073431 (console) character file.

Game seed: 2407802478839355369

2313156 Banquo the Hoplite (level 27, 228/228 HPs)
             Began as a Djinni Earth Elementalist on Feb 6, 2023.
             Was a High Priest of Ashenzari.
             Escaped with the Orb
             ... and 4 runes on Feb 10, 2023!
             The game lasted 09:44:17 (71530 turns).

Banquo the Hoplite (Djinni Earth Elementalist)     Turns: 71530, Time: 09:44:17

Health: 228/228    AC: 17    Str:  7    XL:     27
Gold:   6406       EV: 25    Int: 30    God:    Ashenzari [*****.] SH: 32 Dex: 15

rFire   + + +      SeeInvis +    a - staff of air
rCold   + + .      Faith    .    i - +8 tower shield of the Stellar Portent {Melee, Cun} (curse)
rNeg    . . .      Spirit   .    d - +4 troll leather armour "Shattered Incredulity" {Regen+, Cun, Melee} (curse)
rPois   ∞          Reflect  .    h - +0 hat of Ashenzari's Inaction {Rampage rPois rC+ Will+, Cun, Self} (curse)
rElec   +          Harm     .    e - scarf of the Eternal Sky {rC+ rF+, Self, Cun} (curse)
rCorr   .          Rampage  +    g - +2 pair of gloves "I Foresaw This" {Self, Cun} (curse)
Will    +++..      Clarity  +    (boots unavailable)
Stlth   +                        O - amulet of the Ensconced Burden {Regen+, Melee, Self} (curse)
HPRegen 2.18/turn                W - ring of the Perceptive Loss {Wiz, Evo, Fort} (curse)
MPRegen 0.00/turn                C - ring "Overhang to Understand" {rC+ Slay+6, Cun, Melee} (curse)

@: flying, studying 3 skills
A: sickness immunity, fire resistance 2, cold vulnerability 1, float, innate
caster, HP casting, extra vitality 1, iridescent scales 1
0: Orb of Zot
}: 4/15 runes: decaying, slimy, silver, gossamer
a: Renounce Religion, Curse Item, Shatter the Chains


You escaped.
You worshipped Ashenzari.
Ashenzari was extremely pleased with you.
You visited 11 branches of the dungeon, and saw 55 of its levels.
You visited 2 bazaars.
You also visited: Trove, Ice Cave and Wizlab.

You collected 12970 gold pieces.
You spent 6564 gold pieces at shops.

Inventory:

Hand Weapons
 b - the +9 hand axe of Modesty {venom, rElec rN+ Will+++ Int-3}
   (You took it off a deep elf pyromancer on level 3 of the Elven Halls)

   Int:       It affects your intelligence (-3).
   rElec:     It insulates you from electricity.
   rN:        It protects you from negative energy.
   Will:      It greatly increases your willpower.
 c - the +5 demon whip "Spellbinder" {antimagic, disrupt, Will+}
   (You took it off a vault guard on level 5 of the Vaults)

   Will:      It increases your willpower.
 P - a +9 vampiric broad axe
 U - the +6 war axe of an ice cave {speed, rF- Int+4}
   (You took it off an ironbound convoker on level 5 of the Vaults)

   Int:       It affects your intelligence (+4).
   rF:        It makes you vulnerable to fire.
Missiles
 w - 3 throwing nets
Armour
 d - the cursed +4 troll leather armour "Shattered Incredulity" (worn) {Regen+, Cun, Melee}
   (You found it on level 1 of the Depths)

   Regen:     It increases your rate of health regeneration.
   It has a curse which improves the following skills: Cunning: Dodging and
   Stealth.
   Melee Combat: Short Blades, Long Blades, Axes, Maces & Flails, Polearms,
   Staves and Unarmed Combat.
 e - the cursed scarf of the Eternal Sky (worn) {rC+ rF+, Self, Cun}
   (You found it on level 5 of the Dungeon)

   It has a curse which improves the following skills: Introspection: Fighting
   and Spellcasting.
   Cunning:   Dodging and Stealth.
 g - the cursed +2 pair of gloves "I Foresaw This" (worn) {Self, Cun}
   (You took it off Nikola on level 4 of the Swamp)

   It has a curse which improves the following skills: Introspection: Fighting
   and Spellcasting.
   Cunning:   Dodging and Stealth.
 h - the cursed +0 hat of Ashenzari's Inaction (worn) {Rampage rPois rC+ Will+, Cun, Self}
   (You found it on level 4 of the Spider Nest)

   rC:        It protects you from cold.
   rPois:     It protects you from poison.
   Rampage:   It bestows one free step when moving towards enemies.
   Will:      It increases your willpower.
   It has a curse which improves the following skills: Cunning: Dodging and
   Stealth.
   Introspection: Fighting and Spellcasting.
 i - the cursed +8 tower shield of the Stellar Portent (worn) {Melee, Cun}
   (You took it off a vault guard on level 5 of the Vaults)

   It has a curse which improves the following skills: Melee Combat: Short
   Blades, Long Blades, Axes, Maces & Flails, Polearms, Staves and Unarmed
   Combat.
   Cunning:   Dodging and Stealth.
 j - a +2 pair of gloves of dexterity
Magical Staves
 a - a staff of air (weapon)
 Q - a staff of cold
Jewellery
 C - the cursed ring "Overhang to Understand" (right hand) {rC+ Slay+6, Cun, Melee}
   (You bought it in a shop on level 1 of the Orcish Mines)

   [ring of protection from cold]

   Slay:      It affects your accuracy & damage with ranged weapons and melee
   (+6).
   rC:        It protects you from cold.
   It has a curse which improves the following skills: Cunning: Dodging and
   Stealth.
   Melee Combat: Short Blades, Long Blades, Axes, Maces & Flails, Polearms,
   Staves and Unarmed Combat.
 F - a ring of wizardry
 M - the ring "Imaps" {rF+ rC+ Will- Int+3}
   (You took it off an ironbound preserver on level 5 of the Vaults)

   [ring of protection from cold]

   Int:       It affects your intelligence (+3).
   rF:        It protects you from fire.
   rC:        It protects you from cold.
   Will:      It decreases your willpower.
 O - the cursed amulet of the Ensconced Burden (around neck) {Regen+, Melee, Self}
   (You bought it in a shop on level 4 of the Dungeon)

   [amulet of regeneration]

   Regen:     It increases your rate of health regeneration.
   It has a curse which improves the following skills: Melee Combat: Short
   Blades, Long Blades, Axes, Maces & Flails, Polearms, Staves and Unarmed
   Combat.
   Introspection: Fighting and Spellcasting.
 W - the cursed ring of the Perceptive Loss (left hand) {Wiz, Evo, Fort}
   (You bought it in a shop on level 1 of the Orcish Mines)

   [ring of wizardry]

   It improves your spell success rate.
   It has a curse which improves the following skills: Evocations: Evocations.
   Fortitude: Armour and Shields.
Wands
 f - a wand of roots (68)
 v - a wand of flame (20)
 D - a wand of digging (28)
 J - a wand of acid (26)
 K - a wand of mindburst (35)
Scrolls
 m - 4 scrolls of magic mapping
 p - 13 scrolls of fog
 r - 12 scrolls of enchant weapon
 x - 34 scrolls of teleportation
 y - 15 scrolls of poison
 A - 2 scrolls of enchant armour
 G - 6 scrolls of summoning
 H - 5 scrolls of blinking
 L - 19 scrolls of fear
 N - 5 scrolls of silence
 S - 14 scrolls of noise
Potions
 k - 18 potions of heal wounds
 l - 26 potions of curing
 n - 4 potions of resistance
 o - 14 potions of brilliance
 q - 9 potions of haste
 t - 16 potions of might
 u - 5 potions of berserk rage
 z - 6 potions of invisibility
 B - 13 potions of ambrosia
 E - 7 potions of cancellation
 R - 23 potions of mutation
Miscellaneous
 s - a phantom mirror
 I - a box of beasts
 V - a condenser vane


   Skills:
 - Level 21.9(27) Fighting
 - Level 14.5(20.0) Axes
 - Level 7.5 Ranged Weapons
 - Level 18.9(21.0) Armour
 * Level 19.9(26.8) Dodging
 - Level 1.5(5.8) Stealth
 - Level 23.0(25.0) Shields
 - Level 21.9(27) Spellcasting
 - Level 13.7(16.0) Evocations


You couldn't memorise any spells.
You knew the following spells:

 Your Spells              Type           Power      Damage    Failure   Level
a - Sandblast             Erth           100%       2d20      0%          1
b - Stone Arrow           Conj/Erth      100%       3d13      0%          3
c - Freezing Cloud        Conj/Ice/Air   70%        6-21      0%          5
d - Static Discharge      Conj/Air       100%       2-7/arc   0%          2
e - Petrify               Tmut/Erth      100%       N/A       0%          4
f - Freeze                Ice            100%       1d10      0%          1
g - Spellforged Servitor  Conj/Summ      58%        N/A       0%          7
l - Conjure Ball Lightni  Conj/Air       70%        3x3d26    0%          6
p - Polar Vortex          Ice            58%        N/A       1%          9
r - Vampiric Draining     Necr           100%       2d13      0%          3
v - Borgnjor's Vile Clut  Necr/Erth      58%        N/A       0%          5
w - Passwall              Tmut/Erth      96%        N/A       0%          2
x - Summon Horrible Thin  Summ           58%        N/A       1%          8
z - Chain Lightning       Conj/Air       70%        3d94      1%          9
L - Storm Form            Tmut/Air       70%        N/A       0%          7
M - Dragon Form           Tmut           58%        N/A       0%          7
Y - Summon Ice Beast      Ice/Summ       100%       N/A       0%          4
Your spell library was empty.

Dungeon Overview and Level Annotations

Branches:
Dungeon (15/15)            Temple (0/1) D:4            Lair (5/5) D:9
  Swamp (4/4) Lair:3       Spider (4/4) Lair:2        Slime (5/5) Lair:5
    Orc (2/2) D:10            Elf (3/3) Orc:2        Vaults (5/5) D:14
  Crypt (3/3) Vaults:3       Tomb (0/3) Crypt:3      Depths (4/4) D:15
    Zot (5/5) Depths:4      IceCv (visited)          WizLab (visited)

Altars:
Ashenzari
Cheibriados
Dithmenos
Elyvilon
Fedhas
Gozag
Nemelex Xobeh
Ru
Xom
Yredelemnul
The Shining One
Jiyva

Shops:
D:4 =[?*   D:8 ?   Orc:1 ::?*[=   Orc:2 [(*?   Vaults:2 ([((   Vaults:3 (
Depths:2 (

Portals:
Hell: Depths:1 Depths:2 Depths:3 Depths:4
Abyss: Depths:1 Depths:3 Depths:4
Pandemonium: Depths:2
Ziggurat: Depths:3

Annotations:
D:4 ring in stone
Elf:2 3 runed translucent doors
Zot:1 6 runed translucent doors


Innate Abilities, Weirdness & Mutations

You are immune to sickness and miasma.
You are immune to poison.
Your flesh is very heat resistant. (rF++)
You are vulnerable to cold. (rC-)
You float through the air rather than walking.
You learn spells naturally, not from books.
Your magical power is your life essence.
You have superior vitality. (+4 MHP)
You are partially covered in iridescent scales. (AC +2)


Message History

The Hell Sentinel is moderately wounded.
The Hell Sentinel gestures at you.
The sphere of damnation explodes!
The damnation engulfs you!!
Casting: Chain Lightning (mildly dangerous; 1% risk of failure)
Confirm with . or Enter, or press ? or * to list all spells.
You feel a surge of power! Lightning arcs from your hands!
The bolt of lightning hits the Hell Sentinel!!!
The Hell Sentinel resists.
The Hell Sentinel is severely wounded.
The bolt of lightning hits you! You resist. The Hell Sentinel gestures at you.
The iron shot misses you.
Casting: Chain Lightning (mildly dangerous; 1% risk of failure)
Confirm with . or Enter, or press ? or * to list all spells.
You feel a surge of power! Lightning arcs from your hands!
The bolt of lightning hits the Hell Sentinel!!!
The Hell Sentinel resists.
You kill the Hell Sentinel!
The bolt of lightning hits you. You resist.
You sense a monster nearby.
A daeva comes into view.
It is wielding a +4 long sword of holy wrath.
The daeva shouts!
The daeva calls down the wrath of the Shining One upon you.
The Shining One smites you!
Casting: Chain Lightning (mildly dangerous; 1% risk of failure)
Confirm with . or Enter, or press ? or * to list all spells.
You feel a surge of power! Lightning arcs from your hands!
The bolt of lightning hits the daeva!!!!
You kill the daeva!
The bolt of lightning hits you! You resist.
Things that are here:
a +4 long sword of holy wrath; a +0 tower shield
(D) Dungeon (T) Temple (L) Lair (S) Swamp (N) Spider Nest (M) Slime Pits (O) Orcish Mines (E) Elven Halls (V) Vaults (C) Crypt (W) Tomb (U) Depths (H) Hell (Z) Zot
Where to? (* - list waypoints, Enter - D:1 @ (x,y), ? - help)
There is a staircase leading out of the dungeon here.
Enter note: Woot!
You have escaped!

.#####..##....###..#.#
####.####
........##....#.....########.#
.............##...#..........#
#######......##..#############
# #.....©##.##.#
#.#...#####.##
#####....#####.#.#
#.>.....##.##©#.###
###.#######..###@#..# #.....#
##...##.#.#.# #..{..#
#....#.#.##.# #.....#
#........#..# #.....#
####.#.#...## #.....#
####.#.#.### #######
#......#.# ..# #.##.###.# #.#
#.##.###.#


There were no monsters in sight!

Vanquished Creatures
  the Royal Jelly (Slime:5)
  2 pandemonium lords
  8 ancient liches
  6 orbs of fire (Zot:5)
  3 dread liches
  Mara (Vaults:2)
  A juggernaut (Zot:1)
  Josephina (Zot:1)
  11 Killer Klowns
  Frederick (Vaults:4)
  3 curse toes
  Saint Roka (D:14)
  5 caustic shrikes
  11 golden dragons
  Nikola (Swamp:4)
  A mutant beast (WizLab)
  2 bone dragons
  Arachne (Spider:3)
  A profane servitor (Crypt:3)
  The ghost of Defeg the Bewitcher, an adept DrHs of Ashenzari (Vaults:4)
  Zenata (Elf:1)
  2 electric golems (Zot:5)
  10 tentacled monstrosities
  A Hell Sentinel (D:1)
  6 liches
  A shard shrike skeleton (Crypt:3)
  Mlioglotl (Swamp:4)
  27 Orb Guardians
  2 deep elf blademasters (Elf:3)
  Asterion (Spider:3)
  7 quicksilver dragons
  4 death cobs
  6 titans
  8 acid blobs
  2 deep elf master archers (Elf:3)
  10 ancient champions
  Gastronok (D:9)
  4 tengu reavers
  A thorn hunter (Swamp:1)
  Agnes (D:15)
  7 sphinxes
  Donald (Crypt:2)
  8 storm dragons
  Roxanne (Spider:4)
  11 shadow dragons
  7 rockslimes
  A daeva (D:1)
  3 revenants
  Kirke (Spider:4)
  5 draconian knights
  2 draconian monks
  8 azure jellies (Slime:5)
  2 iron dragons
  7 fire giants
  5 emperor scorpions
  3 draconian scorchers (Zot:4)
  Aizul (Spider:3)
  5 frost giants
  15 vault wardens
  5 draconian stormcallers
  3 deep elf sorcerers
  6 ghost moths
  6 ghouls
  A balrug (D:2)
  3 curse skulls
  2 cacodemons
  An orc warlord (Elf:2)
  5 deep elf elementalists (Elf:3)
  A reaper (Crypt:3)
  7 draconian annihilators
  7 draconian shifters
  A spriggan defender (Depths:2)
  The ghost of fly the Cleaver, a journeyman DgDe (D:15)
  A juggernaut skeleton (Crypt:2)
  10 stone giants
  3 war gargoyles
  18 ironbound preservers
  2 broodmothers (Spider:4)
  22 very ugly things
  12 quicksilver oozes
  A broodmother (shapeshifter) (WizLab)
  9 green draconians
  7 deep elf annihilators
  5 ironbound thunderhulks
  12 purple draconians
  6 deep elf demonologists
  2 eleionomae (Swamp:2)
  4 bunyips
  7 black draconians
  6 vampire knights
  12 red draconians
  Azrael (D:15)
  11 white draconians
  6 spark wasps
  7 dire elephants
  14 yellow draconians
  Snorg (Lair:4)
  13 jiangshi
  5 ettins
  7 deep elf death magi
  An eidolon (Crypt:3)
  5 entropy weavers
  2 shambling mangroves
  7 great orbs of eyes
  3 deep elf high priests
  6 rakshasas
  9 fire dragons
  9 yaktaur captains
  35 vault guards
  A spriggan zombie (Crypt:3)
  Erolcha (D:13)
  4 ice dragons
  19 hydras
  8 ironbound frosthearts
  2 catoblepae
  A peacekeeper (Vaults:3)
  5 ogre magi (Vaults:5)
  2 radroaches
  A jorogumo (Spider:2)
  3 spriggan air magi
  10 centaur warriors
  A ghost crab (Swamp:3)
  An anaconda (shapeshifter) (WizLab)
  5 boulder beetles
  19 dancing weapons
  5 deep troll shamans
  4 two-headed ogres
  4 alligators
  7 hell hogs (Depths:2)
  4 death knights
  A death scarab (Spider:4)
  8 vampire magi
  5 orc high priests
  5 deep troll earth magi
  6 death yaks (Lair:3)
  9 spriggan berserkers
  10 deep elf knights
  14 spriggans
  8 hell knights
  2 titan zombies
  9 tengu warriors
  A spectral elf (Crypt:1)
  4 sun demons (D:2)
  Sonja (D:13)
  A shadow wraith (Crypt:3)
  7 goliath frogs
  30 skeletal warriors
  2 salamander mystics (Depths:2)
  2 sun moths
  A fire crab (shapeshifter) (WizLab)
  12 orb spiders
  8 iron trolls
  2 flayed ghosts
  6 pharaoh ants
  14 swamp dragons
  A quicksilver dragon simulacrum (Crypt:1)
  2 spriggan druids (Swamp:1)
  39 deep trolls
  An anaconda zombie (Crypt:3)
  7 phantasmal warriors
  4 wizards
  A spriggan simulacrum (Crypt:3)
  19 deep elf archers
  7 bog bodies
  5 glowing orange brains
  Pikel (D:5)
  8 lindwurms
  10 orc knights
  8 necromancers
  11 steelbarb worms
  22 ironbound convokers
  A tengu zombie (Crypt:1)
  22 deep elf pyromancers
  22 deep elf zephyrmancers
  4 oklob plants
  39 ugly things
  4 shining eyes
  A mana viper (shapeshifter) (WizLab)
  An iron dragon zombie (Crypt:1)
  4 manticores
  3 will-o-the-wisps
  A manticore (shapeshifter) (Vaults:5)
  5 orc sorcerers
  A cyclops (shapeshifter) (WizLab)
  25 moths of wrath
  A salamander (shapeshifter) (WizLab)
  A toenail golem (D:10)
  14 wolf spiders
  3 salamanders (Depths:2)
  An eleionoma skeleton (Crypt:2)
  2 guardian serpents (shapeshifter) (WizLab)
  A moth of wrath (shapeshifter) (WizLab)
  2 water nymphs (shapeshifter)
  2 centaur zombies
  5 cyclopes
  5 elephants (Lair:4)
  15 vault sentinels
  A black mamba (shapeshifter) (WizLab)
  6 demonic crawlers
  An alligator snapping turtle zombie (Crypt:3)
  7 black mambas
  An ice statue (IceCv)
  3 molten gargoyles (Lair:5)
  3 gargoyles (D:12)
  2 unseen horrors (shapeshifter) (WizLab)
  4 torpor snails
  A cane toad (shapeshifter) (WizLab)
  13 cane toads
  A minotaur zombie (Crypt:1)
  A hellion (D:15)
  2 rime drakes
  3 unseen horrors
  A yaktaur zombie (Vaults:3)
  3 tengu conjurers
  12 komodo dragons
  2 efreet
  8 freezing wraiths
  A yaktaur (shapeshifter) (D:15)
  27 yaktaurs
  4 guardian mummies (Zot:1)
  10 ice devils
  3 kobold demonologists
  A rime drake (shapeshifter) (WizLab)
  2 tormentors
  A golden dragon simulacrum (Zot:1)
  8 trolls
  2 bloated husks (Swamp:3)
  4 anaconda simulacra (IceCv)
  A troll (shapeshifter) (Elf:3)
  6 tyrant leeches
  A hellwing (Zot:1)
  2 meliai (shapeshifter) (WizLab)
  3 polar bears
  21 hornets
  A shadow dragon simulacrum (Zot:1)
  30 tarantellas
  4 dream sheep (Lair:5)
  4 harpy skeletons
  2 hornets (shapeshifter) (WizLab)
  A tarantella (shapeshifter) (Depths:2)
  Prince Ribbit (D:8)
  12 blink frogs
  A satyr zombie (Crypt:1)
  A fire dragon zombie (Crypt:2)
  62 slime creatures
  A boulder beetle zombie (Crypt:1)
  Sigmund (D:5)
  An ettin skeleton (Crypt:1)
  2 deep troll skeletons
  An air elemental (Elf:3)
  30 culicivoras
  A spriggan (shapeshifter) (WizLab)
  6 flying skulls (Crypt:1)
  30 jumping spiders
  3 dire elephant simulacra
  2 shadows (D:9)
  8 wyverns
  A naga simulacrum (Crypt:1)
  2 humans (Spider:4)
  30 yaks
  5 vampires
  2 fire elementals
  2 wraiths
  A golden eye (shapeshifter) (Elf:3)
  3 steam dragons
  A chaos spawn (Depths:1)
  A black mamba skeleton (Crypt:1)
  2 death yak simulacra (IceCv)
  4 golden eyes
  70 redbacks
  4 basilisks
  An iron golem (WizLab)
  Grum (D:5)
  17 swamp worms
  2 harpy simulacra (IceCv)
  8 vampire mosquitoes
  A hog (Spider:4)
  3 wargs
  An acid dragon (D:12)
  2 two-headed ogre skeletons (Crypt:2)
  10 water moccasins
  10 hell hounds
  A glowing shapeshifter skeleton (Vaults:3)
  2 hydra simulacra (IceCv)
  5 floating eyes
  A moth of wrath simulacrum (Zot:1)
  A sky beast (D:7)
  A black bear (shapeshifter) (WizLab)
  29 orc warriors
  2 ice beasts (D:6)
  A manticore zombie (Crypt:2)
  3 ice beasts (shapeshifter)
  7 large abominations (WizLab)
  5 swamp drakes
  An elephant zombie (Crypt:2)
  An ettin simulacrum (Crypt:1)
  An ogre (shapeshifter) (WizLab)
  3 black bears
  10 boggarts
  3 centaurs
  An ogre (Orc:2)
  An elephant skeleton (Crypt:3)
  23 wolves
  2 lemures (D:5)
  8 small abominations
  4 kobold brigands (D:9)
  A bullfrog (shapeshifter) (WizLab)
  2 phantoms
  11 bullfrogs
  5 necrophages
  A two-headed ogre simulacrum (IceCv)
  A gnoll sergeant (D:11)
  5 scorpions
  4 cane toad simulacra (IceCv)
  3 earth elementals
  5 wights (D:7)
  9 killer bees
  An elephant simulacrum (IceCv)
  A raiju skeleton (Crypt:3)
  2 spriggan skeletons
  5 electric eels
  3 howler monkeys (D:10)
  A howler monkey (shapeshifter) (WizLab)
  5 lava snakes (Lair:5)
  14 jellies
  26 orc priests
  2 gnoll boudas (D:5)
  8 hounds
  A bullfrog zombie (Crypt:3)
  A black bear skeleton (Crypt:1)
  11 hell rats
  2 iguanas
  22 orc wizards
  A troll simulacrum (IceCv)
  A boggart skeleton (Crypt:3)
  4 polar bear simulacra (IceCv)
  9 wolf simulacra (IceCv)
  8 adders
  14 gnolls
  2 shadow imps
  15 white imps
  2 ufetubi (IceCv)
  An adder skeleton (Crypt:2)
  An adder zombie (Crypt:1)
  3 worms (D:2)
  3 dart slugs
  62 orcs
  8 ball pythons
  2 bats
  4 endoplasms
  4 giant cockroaches
  8 goblins
  7 hobgoblins
  A jackal (D:5)
  2 quokkas
  A ball python skeleton (Crypt:1)
  5 frilled lizards
  2 goblin zombies (Crypt:3)
  10 kobolds
  5 rats
  A ball lightning (Vaults:5)
  3 butterflies (Zot:1)
2205 creatures vanquished.

Vanquished Creatures (collateral kills)
  4 golden dragons
  A doom hound (Crypt:1)
  3 tentacled monstrosities
  A quicksilver dragon (Depths:2)
  12 acid blobs
  An ancient champion (Crypt:2)
  4 rockslimes (Slime:5)
  A fire giant (Depths:2)
  A frost giant (Depths:2)
  2 azure jellies
  2 emperor scorpions (Spider:4)
  A ghost moth (Zot:3)
  7 vault wardens
  3 ghouls
  4 ironbound preservers
  A war gargoyle (Vaults:2)
  2 stone giants (Depths:1)
  4 quicksilver oozes
  7 very ugly things
  A caustic shrike skeleton (Depths:2)
  A vampire knight (Crypt:2)
  A deep elf demonologist (Elf:3)
  A yellow draconian (Zot:1)
  A purple draconian (Zot:3)
  2 spectral hellephants (Crypt:1)
  5 dire elephants
  A bunyip (Swamp:4)
  An ettin (shapeshifter) (WizLab)
  3 eidola (Crypt:2)
  2 jiangshi
  A shambling mangrove (Swamp:4)
  A spectral elf (Crypt:1)
  An ettin (Vaults:5)
  A fire dragon (Depths:2)
  2 deep elf high priests
  6 great orbs of eyes
  3 hydras (Swamp:4)
  A peacekeeper (Vaults:3)
  An ironbound frostheart (Vaults:3)
  2 ice dragons
  A salamander tyrant (Depths:2)
  4 vault guards
  A spriggan skeleton (Crypt:2)
  A deep troll shaman (Depths:2)
  A deep troll earth mage (Depths:2)
  2 orc high priests (Orc:2)
  5 hell hogs (Depths:2)
  A deep elf knight (Elf:2)
  A spriggan berserker (Depths:3)
  A shock serpent (shapeshifter) (WizLab)
  2 iron trolls (Depths:2)
  A ghost moth zombie (Crypt:1)
  A storm dragon skeleton (Depths:2)
  A goliath frog (Swamp:3)
  6 skeletal warriors
  A golden dragon zombie (Depths:2)
  4 swamp dragons (Swamp:4)
  A bog body (Swamp:4)
  A flayed ghost (Depths:3)
  15 deep trolls
  2 deep elf archers (Elf:3)
  3 ironbound convokers (Vaults:2)
  4 phantasmal warriors
  A wizard (Vaults:2)
  A necromancer (Depths:2)
  5 shining eyes
  An orc sorcerer (Orc:2)
  A wolf spider (Spider:3)
  2 moths of wrath (Zot:1)
  3 ugly things
  A salamander (Depths:2)
  A tengu skeleton (Depths:2)
  A will-o-the-wisp (Swamp:4)
  3 vault sentinels
  A cyclops (shapeshifter) (WizLab)
  An eye of devastation (Slime:5)
  A freezing wraith (Vaults:4)
  8 yaktaurs
  A minotaur zombie (Crypt:2)
  A redback zombie (Crypt:1)
  3 hornets
  2 tarantellas
  2 blink frogs (Lair:2)
  A great orb of eyes zombie (Crypt:3)
  A culicivora (Spider:3)
  8 large abominations (Depths:1)
  2 wyverns (D:9)
  6 flying skulls (Crypt:1)
  60 slime creatures
  2 water elementals (Depths:3)
  3 spriggans
  A vampire (Crypt:2)
  A culicivora (shapeshifter) (WizLab)
  7 wraiths
  A human (Lair:1)
  A chaos spawn (Depths:1)
  A golden eye (Slime:5)
  Edmund (D:6)
  2 redbacks
  A swamp worm (Swamp:4)
  A water moccasin (D:9)
  A nameless horror (D:7)
  2 orc warriors (Orc:2)
  A black bear (D:9)
  2 ogres (D:6)
  A kobold brigand (D:7)
  A bullfrog (D:7)
  A small abomination (Depths:1)
  3 killer bees
  3 electric eels
  A hound (D:5)
  A gnoll bouda (D:6)
  A jelly (D:6)
  2 iguanas
  2 orc wizards (Orc:2)
  A hell rat (Lair:2)
  An ogre zombie (Crypt:2)
  4 gnolls
  A worm zombie (Crypt:2)
  An orc (D:14)
  4 kobolds
  21 ball lightnings
  A butterfly (D:6)
355 creatures vanquished.

Vanquished Creatures (others)
  A storm dragon simulacrum (Zot:1)
  4 humans (Spider:4)
  741 ball lightnings
  12 foxfires
  26 fungi
  80 plants
  12 withered plants (Crypt:3)
876 creatures vanquished.

Grand Total: 3436 creatures vanquished

Notes
Turn   | Place    | Note
-------+----------+-------------------------------------------
     0 | D:1      | Banquo the Djinni Earth Elementalist began the quest for
                  | the Orb.
     0 | D:1      | Banquo set off with the following spells memorised:
                  | Sandblast, Passwall, Stone Arrow, Petrify.
     0 | D:1      | Reached XP level 1. HP: 15/15 MP: 0/0
   233 | D:1      | Reached XP level 2. HP: 22/22 MP: 0/0
   692 | D:2      | Reached XP level 3. HP: 25/26 MP: 0/0
   692 | D:2      | Learned a level 1 spell: Freeze
   697 | D:2      | Reached skill level 1 in Fighting
  1135 | D:2      | Reached XP level 4. HP: 30/32 MP: 0/0
  1429 | D:2      | Identified the +6 ring mail of Tyogad {Dex+2}
  1713 | D:2      | Found a faded altar of an unknown god.
  2417 | D:3      | Found a sacrificial altar of Ru.
  2552 | D:3      | Reached XP level 5. HP: 31/38 MP: 0/0
  2552 | D:3      | Learned a level 2 spell: Static Discharge
  2600 | D:3      | You are sucked into a shaft and drop 2 floors!
  2600 | D:5      | Entered Level 5 of the Dungeon
  2628 | D:5      | Reached skill level 1 in Armour
  2628 | D:5      | Reached XP level 6. HP: 23/43 MP: 0/0
  2770 | D:5      | Noticed Grum
  2790 | D:5      | Killed Grum
  2791 | D:5      | Reached XP level 7. HP: 33/49 MP: 0/0
  2791 | D:5      | Learned a level 3 spell: Vampiric Draining
  2940 | D:5      | Reached skill level 5 in Spellcasting
  3078 | D:4      | Found a broken altar of Ashenzari.
  3083 | D:4      | Found a basalt altar of Yredelemnul.
  3098 | D:4      | Became a worshipper of Ashenzari the Shackled
  3719 | D:4      | Reached XP level 8. HP: 52/55 MP: 0/0
  3940 | D:4      | Found a staircase to the Ecumenical Temple.
  4072 | D:4      | Found Piruset's Antique Armour Shop.
  4076 | D:4      | Found Migan's Jewellery Shop.
  4080 | D:4      | Found Ixkal's General Store.
  4080 | D:4      | Found Yteq's Magic Scroll Shop.
  4090 | D:4      | Bought a scroll of identify for 28 gold pieces
  4374 | D:5      | Reached * piety under Ashenzari
  4413 | D:5      | Noticed Sigmund
  4527 | D:5      | Noticed Pikel
  4532 | D:5      | Killed Pikel
  4802 | D:5      | Killed Sigmund
  4803 | D:5      | Reached XP level 9. HP: 46/64 MP: 0/0
  4803 | D:5      | Learned a level 4 spell: Summon Ice Beast
  5475 | D:6      | Reached skill level 5 in Dodging
  5827 | D:6      | Noticed Edmund
  5836 | D:6      | Killed Edmund
  6015 | D:6      | Found a shimmering altar of Xom.
  6269 | D:6      | Reached XP level 10. HP: 69/72 MP: 0/0
  6298 | D:6      | Reached skill level 5 in Fighting
  6377 | D:6      | Reached ** piety under Ashenzari
  6569 | D:6      | Found a shadowy altar of Dithmenos.
  6766 | D:7      | Found a snail-covered altar of Cheibriados.
  6770 | D:7      | Reached skill level 5 in Armour
  6966 | D:7      | Found a sparkling altar of Nemelex Xobeh.
  7353 | D:7      | Found a glowing golden altar of the Shining One.
  7835 | D:8      | Reached *** piety under Ashenzari
  7859 | D:8      | Noticed Prince Ribbit
  7863 | D:8      | Killed Prince Ribbit
  7964 | D:8      | Found Quugheugh's Magic Scroll Emporium.
  8718 | D:9      | Noticed Gastronok
  8899 | D:9      | Noticed a kobold demonologist
  8911 | D:9      | Killed a kobold demonologist
  8913 | D:9      | Noticed a kobold demonologist
  8925 | D:9      | Killed a kobold demonologist
  8926 | D:9      | Reached XP level 11. HP: 48/81 MP: 0/0
  8926 | D:9      | Learned a level 5 spell: Borgnjor's Vile Clutch
  9179 | D:9      | Reached skill level 10 in Spellcasting
  9912 | D:9      | Found a staircase to the Lair.
 10049 | D:4      | Bought an amulet of regeneration for 420 gold pieces
 10216 | D:9      | Killed Gastronok
 10519 | Lair:1   | Entered Level 1 of the Lair of Beasts
 10538 | Lair:1   | Noticed a five-headed hydra
 10554 | Lair:1   | Killed a five-headed hydra
 10555 | Lair:1   | Reached skill level 1 in Shields
 10566 | Lair:1   | Reached skill level 2 in Shields
 10732 | Lair:1   | Reached XP level 12. HP: 88/90 MP: 0/0
 10922 | Lair:1   | Found a blossoming altar of Fedhas.
 11004 | Lair:1   | Reached skill level 3 in Shields
 11374 | Lair:1   | Found a runed translucent door.
 11383 | Lair:1   | Found the +8 storm bow {elec, penet}
 11646 | Lair:2   | Reached skill level 1 in Ranged Weapons
 11707 | Lair:2   | Noticed a four-headed hydra
 11936 | Lair:2   | Killed a four-headed hydra
 11991 | Lair:2   | Found a hole to the Spider Nest.
 12074 | Lair:2   | Noticed an eight-headed hydra
 12080 | Lair:2   | Killed an eight-headed hydra
 12143 | Lair:2   | Reached XP level 13. HP: 97/99 MP: 0/0
 12143 | Lair:2   | Learned a level 5 spell: Freezing Cloud
 12312 | Lair:3   | Identified the Spellbook of Misfortune and Corruption
 12595 | Lair:3   | Reached skill level 5 in Ranged Weapons
 12649 | Lair:3   | Found a staircase to the Swamp.
 13208 | Lair:4   | Reached **** piety under Ashenzari
 13413 | Lair:4   | Noticed Snorg
 13420 | Lair:4   | Killed Snorg
 13975 | Lair:5   | Entered Level 5 of the Lair of Beasts
 13979 | Lair:5   | Reached skill level 10 in Fighting
 14017 | Lair:5   | Identified the +11 quarterstaff of Wiropub {spect, +Blink
                  | rN+}
 14080 | Lair:5   | Noticed a five-headed hydra
 14088 | Lair:5   | Noticed a six-headed hydra
 14092 | Lair:5   | Killed a six-headed hydra
 14093 | Lair:5   | Reached XP level 14. HP: 89/114 MP: 0/0
 14324 | Lair:5   | Reached ***** piety under Ashenzari
 14453 | Lair:5   | Found a viscous altar of Jiyva.
 14552 | Lair:5   | Found a staircase to the Slime Pits.
 15070 | Lair:5   | Found a large runed translucent door.
 15071 | Lair:5   | Found a large runed translucent door.
 15790 | D:10     | Entered Level 10 of the Dungeon
 15929 | D:10     | Found a staircase to the Orcish Mines.
 16087 | D:10     | Found a white marble altar of Elyvilon.
 16603 | D:11     | Found a transporter.
 16647 | D:11     | Found a transporter.
 16730 | D:11     | Found a transporter.
 16943 | D:11     | Found a transporter.
 17594 | D:12     | Reached XP level 15. HP: 105/125 MP: 0/0
 17594 | D:12     | Learned a level 6 spell: Conjure Ball Lightning
 17990 | D:12     | Found the +8 Wrath of Trog {antimagic, *Rage Rampage}
 18075 | D:12     | Reached skill level 10 in Dodging
 18280 | Orc:1    | Entered Level 1 of the Orcish Mines
 18280 | Orc:1    | Found Qomp's Magic Scroll Emporium.
 18326 | Orc:1    | Found Zoengak's Antique Armour Boutique.
 18328 | Orc:1    | Found Colavv Wosir's General Store.
 18360 | Orc:1    | Found a frozen archway.
 18378 | IceCv    | Entered an ice cave
 19141 | IceCv    | Identified Wisil's Elucidation of Dark Chilblains
 19309 | Orc:1    | Found Jutuen's Vocational Training.
 19321 | Orc:1    | Found Doqun's Book Shoppe.
 19365 | Orc:2    | Entered Level 2 of the Orcish Mines
 19547 | Orc:2    | Found a staircase to the Elven Halls.
 19589 | Orc:2    | Reached skill level 10 in Armour
 20093 | Orc:2    | Found Juzxoifo's Magic Scroll Emporium.
 20093 | Orc:2    | Found Vukeoliu's Antique Armour Emporium.
 20094 | Orc:2    | Found Peuntamm's General Store.
 20094 | Orc:2    | Found Amocw's Antique Weapon Boutique.
 20114 | Orc:2    | Bought an iridescent dagger for 168 gold pieces
 20114 | Orc:2    | Identified the +6 dagger of Jual {freeze, rElec} (You
                  | bought it in a shop on level 2 of the Orcish Mines)
 20455 | Orc:1    | Found Xupibb's Jewellery Boutique.
 20820 | D:13     | Noticed Sonja
 20824 | D:13     | Killed Sonja
 21203 | D:13     | Reached XP level 16. HP: 132/132 MP: 0/0
 21222 | D:13     | Noticed Erolcha
 21227 | D:13     | Killed Erolcha
 21275 | D:13     | Reached skill level 4 in Shields
 22143 | D:14     | Identified a scroll of acquirement
 22566 | D:14     | Found a gate to the Vaults.
 22604 | D:15     | Entered Level 15 of the Dungeon
 22644 | D:15     | Found a blossoming altar of Fedhas.
 22701 | D:15     | Noticed Agnes
 22706 | D:15     | Killed Agnes
 23008 | D:15     | Noticed Azrael
 23015 | D:15     | Killed Azrael
 23087 | D:15     | Found a runed translucent door.
 23194 | D:15     | Noticed fly's ghost (journeyman DgDe)
 23196 | D:15     | Identified the +9 trident "Vic Iqad" {flame, *Slow rN+
                  | Will++ Dex+3}
 23393 | D:15     | Found a staircase to the Depths.
 23393 | D:15     | Noticed a frost giant
 23396 | D:15     | Killed a frost giant
 23460 | D:15     | Killed fly's ghost
 23688 | Spider:1 | Entered Level 1 of the Spider Nest
 23755 | Spider:1 | Noticed an emperor scorpion
 23761 | Spider:1 | Killed an emperor scorpion
 23762 | Spider:1 | Reached skill level 15 in Spellcasting
 24153 | Spider:1 | Reached XP level 17. HP: 138/145 MP: 0/0
 24153 | Spider:1 | Learned a level 7 spell: Storm Form
 24390 | Spider:1 | Reached skill level 15 in Fighting
 24415 | Spider:1 | Identified the +0 pair of boots of the Alphagorgon
                  | {*Corrode +Inv Str+6}
 24424 | Spider:1 | Identified the +1 cloak of the Garden {Dex+3}
 24581 | Spider:2 | Identified the +3 falchion "Arcanum" {heavy, rC+ Dex+3
                  | Stlth+}
 25602 | Spider:3 | Noticed Arachne
 25610 | Spider:3 | Killed Arachne
 26002 | Spider:3 | Noticed Asterion
 27045 | Spider:3 | Killed Asterion
 27096 | Spider:4 | Entered Level 4 of the Spider Nest
 27098 | Spider:4 | Noticed Aizul
 27115 | Spider:4 | Reached XP level 18. HP: 104/156 MP: 0/0
 27251 | Spider:4 | Noticed Kirke
 27255 | Spider:4 | Killed Kirke
 27578 | Spider:3 | Killed Aizul
 27928 | Spider:4 | Noticed Roxanne
 28303 | Spider:4 | Killed Roxanne
 28645 | Elf:1    | Entered Level 1 of the Elven Halls
 28778 | Elf:1    | Found a magical portal.
 28787 | WizLab   | Entered Cigotuvi's Fleshworks
 29067 | WizLab   | Noticed Cigotuvi's Monster
 29085 | WizLab   | Killed Cigotuvi's Monster
 29526 | WizLab   | Reached XP level 19. HP: 149/168 MP: 0/0
 29526 | WizLab   | Learned a level 7 spell: Dragon Form
 29570 | WizLab   | Identified the ring "Boenoptid" {rF+ MP+9}
 29641 | WizLab   | Identified Cigotuvi's Precepts of Ghastly Evolution
 29648 | WizLab   | Identified the Quarto of the Xenotype
 30148 | Elf:1    | Noticed Zenata
 30167 | Elf:1    | Killed Zenata
 30964 | Elf:2    | Found a runed translucent gate.
 30964 | Elf:2    | Found a runed translucent gate.
 30965 | Elf:2    | Found a runed translucent gate.
 31892 | Elf:3    | Entered Level 3 of the Elven Halls
 31941 | Elf:3    | Found a flickering gateway to a bazaar.
 31947 | Bazaar   | Entered a bazaar
 31962 | Bazaar   | Found Udahonke's Book Shop.
 31974 | Bazaar   | Found Gealoeme's Book Shop.
 32020 | Elf:3    | Reached skill level 5 in Shields
 32321 | Elf:3    | Reached skill level 6 in Shields
 32433 | Elf:3    | Reached skill level 7 in Shields
 32524 | Elf:3    | Paralysed by an air elemental for 1 turns
 32528 | Elf:3    | Reached XP level 20. HP: 168/181 MP: 0/0
 32860 | Elf:3    | Identified the +9 hand axe of Modesty {venom, rElec rN+
                  | Will+++ Int-3}
 32862 | Elf:3    | Identified the +7 halberd of Resumed Hostilities {drain,
                  | Contam rElec rF+ rN+}
 32862 | Elf:3    | Identified the ring "Deinodgh" {Ice Drain rN++ rCorr Dex+4}
 32863 | Elf:3    | Identified the +8 rapier of Fedhas's Generosity {drain,
                  | rC+}
 32878 | Elf:3    | Reached skill level 8 in Shields
 32964 | Elf:3    | Reached skill level 9 in Shields
 33031 | Elf:3    | Identified the +8 short sword "Qonel" {flame, Stlth+}
 33041 | Elf:3    | Reached skill level 10 in Shields
 33217 | Elf:3    | Identified the +1 ring mail "Ohiercha" {rPois rF++ Stlth-}
 33217 | Elf:3    | Identified the +2 cloak "Oteot" {Int+5 Dex+2}
 33850 | Swamp:1  | Entered Level 1 of the Swamp
 33941 | Swamp:1  | Reached skill level 11 in Shields
 34594 | D:9      | Acquired 827 gold pieces
 34778 | Swamp:2  | Reached skill level 12 in Shields
 35534 | Swamp:3  | Identified the +3 ring mail "Qarghiwa" {Str+3}
 35652 | Swamp:3  | Reached skill level 1 in Axes
 35673 | Swamp:3  | Reached skill level 13 in Shields
 35981 | Swamp:3  | Reached XP level 21. HP: 173/184 MP: 0/0
 35981 | Swamp:3  | Learned a level 7 spell: Spellforged Servitor
 36200 | Swamp:4  | Entered Level 4 of the Swamp
 36404 | Swamp:4  | Noticed Mlioglotl
 36409 | Swamp:4  | Killed Mlioglotl
 36460 | Swamp:4  | Noticed Nikola
 36468 | Swamp:4  | Killed Nikola
 36469 | Swamp:4  | Reached skill level 14 in Shields
 36596 | Swamp:4  | Identified the +5 robe of Submission {rPois rF+ Str+3
                  | Int-2}
 36844 | Swamp:4  | Got a decaying rune of Zot
 37265 | Spider:4 | Identified the +0 hat of Lifros {Rampage rPois rC+ Will+}
 37280 | Spider:4 | Reached skill level 15 in Shields
 37345 | Spider:4 | Got a gossamer rune of Zot
 38214 | Vaults:1 | Entered Level 1 of the Vaults
 38214 | Vaults:1 | Noticed Saint Roka
 38379 | D:14     | Killed Saint Roka
 39422 | Vaults:1 | Reached XP level 22. HP: 161/191 MP: 0/0
 40483 | Vaults:2 | Found Gozag's Antique Armour Shoppe.
 40574 | Vaults:2 | Found Gozag's Antique Weapon Emporium.
 40580 | Vaults:2 | Found an opulent altar of Gozag.
 40580 | Vaults:2 | Found Gozag's Antique Weapon Emporium.
 40841 | Vaults:2 | Found Plog's Antique Weapon Boutique.
 41033 | Vaults:2 | Noticed Mara
 41041 | Vaults:2 | Killed Mara
 41534 | Vaults:3 | Identified the +5 flail of Honour {speed, *Corrode rPois
                  | Int+4}
 41812 | Vaults:3 | Found Qanuusme's Antique Weapon Boutique.
 42416 | Vaults:3 | Found a portal to a secret trove of treasure.
 42858 | Vaults:3 | You paid a toll of a +4 ring of slaying to enter a treasure
                  | trove
 42859 | Trove    | Entered a treasure trove
 43160 | D:9      | Acquired a manual of Evocations
 43164 | D:9      | Acquired 877 gold pieces
 43288 | D:4      | Bought a warped ring mail for 270 gold pieces
 43288 | D:4      | Identified the +3 ring mail "Kufeso" {rC+} (You bought it
                  | in a shop on level 4 of the Dungeon)
 44287 | Vaults:3 | Reached XP level 23. HP: 129/199 MP: 0/0
 44287 | Vaults:3 | Learned a level 8 spell: Summon Horrible Things
 44306 | Vaults:3 | Reached skill level 1 in Evocations
 44596 | Vaults:3 | Reached skill level 5 in Evocations
 44772 | Vaults:3 | Found a staircase to the Crypt.
 45000 | Orc:1    | Bought the ring "Ihuyna" {rC+ Slay+6} for 858 gold pieces
 45823 | Vaults:4 | Found a runed translucent door.
 45837 | Vaults:4 | Noticed Defeg's ghost (adept DrHs)
 46112 | Vaults:4 | Noticed Frederick
 46121 | Vaults:4 | Killed Frederick
 46483 | Vaults:4 | Identified the +2 scale mail "Postryiq" {rPois rF++ Will-
                  | rCorr}
 46779 | Vaults:4 | Killed Defeg's ghost
 47032 | Depths:1 | Entered Level 1 of the Depths
 47464 | Depths:1 | Found a gateway to Hell.
 47527 | Depths:1 | Found a broken altar of Ashenzari.
 47567 | Depths:1 | Reached skill level 15 in Dodging
 47669 | Depths:1 | Identified the +1 helmet of Protective Custody {Will+
                  | Slay+3}
 48089 | Depths:1 | Found a one-way gate to the infinite horrors of the Abyss.
 48242 | Depths:2 | Reached XP level 24. HP: 78/202 MP: 0/0
 48267 | Depths:2 | Reached skill level 16 in Shields
 48371 | Depths:2 | Found Qeuk's Antique Weapon Shoppe.
 48417 | Depths:2 | Found a flickering gateway to a bazaar.
 48428 | Bazaar   | Entered a bazaar
 48428 | Bazaar   | Found Otachuz's Jewellery Emporium.
 48435 | Bazaar   | Found Kohutust's Distillery.
 48443 | Bazaar   | Found Mohif's Antique Armour Boutique.
 48454 | Bazaar   | Found Ywno Jiss's Antique Weapon Emporium.
 48470 | Bazaar   | Found Qatirel's General Store.
 48517 | Bazaar   | Bought a potion of haste for 160 gold pieces
 48517 | Bazaar   | Bought a potion of might for 64 gold pieces
 48517 | Bazaar   | Bought a potion of might for 64 gold pieces
 48517 | Bazaar   | Bought a potion of resistance for 160 gold pieces
 48517 | Bazaar   | Bought a potion of curing for 48 gold pieces
 48517 | Bazaar   | Bought a potion of brilliance for 64 gold pieces
 48525 | Bazaar   | Bought a shimmering robe for 91 gold pieces
 48525 | Bazaar   | Identified the +1 robe of Minor Irritation {Str+7 Slay-6
                  | Archmagi} (You bought it in a shop in a bazaar)
 48525 | Bazaar   | Bought an encrusted scale mail for 144 gold pieces
 48525 | Bazaar   | Identified the +0 scale mail "Hearysang" {rElec} (You
                  | bought it in a shop in a bazaar)
 48536 | Bazaar   | Bought a dazzling quarterstaff for 207 gold pieces
 48536 | Bazaar   | Identified the +7 quarterstaff of Paper {antimagic, rElec}
                  | (You bought it in a shop in a bazaar)
 48837 | Depths:2 | Found a one-way gate leading to the halls of Pandemonium.
 49186 | Depths:2 | Reached skill level 17 in Shields
 49401 | Depths:2 | Acquired 759 gold pieces
 49810 | Depths:3 | Found the +12 glaive of Prune {freeze, Prune}
 49815 | Depths:3 | Found a one-way gateway to a ziggurat.
 50048 | Depths:3 | Noticed a caustic shrike
 50053 | Depths:3 | Killed a caustic shrike
 50523 | Depths:3 | Reached skill level 18 in Shields
 50588 | Depths:3 | Paralysed by a floating eye for 4 turns
 50595 | Depths:3 | Noticed a golden dragon
 50615 | Depths:3 | Killed a golden dragon
 50684 | Depths:4 | Entered Level 4 of the Depths
 50696 | Depths:4 | Reached XP level 25. HP: 171/212 MP: 0/0
 50696 | Depths:4 | Learned a level 9 spell: Chain Lightning
 51171 | Orc:1    | Bought a ring of wizardry for 450 gold pieces
 51492 | Depths:4 | Noticed a caustic shrike
 51492 | Depths:4 | Noticed a caustic shrike
 51493 | Depths:4 | Noticed a caustic shrike
 51493 | Depths:4 | Noticed a caustic shrike
 51494 | Depths:4 | Killed a caustic shrike
 51495 | Depths:4 | Killed a caustic shrike
 51495 | Depths:4 | Killed a caustic shrike
 51496 | Depths:4 | Killed a caustic shrike
 51711 | Depths:4 | Found a gate to the Realm of Zot.
 51746 | Depths:4 | Found a white marble altar of Elyvilon.
 52316 | Crypt:1  | Entered Level 1 of the Crypt
 52326 | Crypt:1  | Reached skill level 19 in Shields
 52695 | Slime:1  | Entered Level 1 of the Pits of Slime
 53093 | Slime:5  | Entered Level 5 of the Pits of Slime
 53136 | Slime:5  | Noticed the Royal Jelly
 54870 | Slime:5  | Gained mutation: You sometimes lose your temper in combat.
                  | [a shining eye]
 55521 | Slime:5  | Killed the Royal Jelly
 55522 | Slime:5  | Reached XP level 26. HP: 173/220 MP: 0/0
 55627 | Slime:5  | Identified the +1 morningstar "Embalmer" {holy, rElec rF-
                  | rC- SInv}
 55627 | Slime:5  | Identified the +6 hand axe of the Thoughtful Runes
                  | {protect, Drain rElec rF+ Dex+5}
 55628 | Slime:5  | Identified the +8 dagger of Kindness {drain, rC+ Dex+2}
 55629 | Slime:5  | Found the +3 pair of mountain boots {steadfast, rC+}
 55630 | Slime:5  | Identified the Secrets of Congregated Venom
 55644 | Slime:5  | Got a slimy rune of Zot
 56903 | Crypt:1  | Noticed a dread lich
 56911 | Crypt:1  | Killed a dread lich
 57545 | Crypt:2  | Reached skill level 20 in Shields
 57582 | Crypt:2  | Noticed Donald
 57587 | Crypt:2  | Killed Donald
 58264 | Crypt:3  | Entered Level 3 of the Crypt
 58264 | Crypt:3  | Found a staircase to the Tomb.
 58543 | Crypt:3  | Noticed an ancient lich
 58551 | Crypt:3  | Killed an ancient lich
 58552 | Crypt:3  | Reached skill level 21 in Shields
 59088 | Crypt:3  | Reached XP level 27. HP: 188/228 MP: 0/0
 59088 | Crypt:3  | Learned a level 9 spell: Polar Vortex
 59250 | Crypt:3  | Found a basalt altar of Yredelemnul.
 59274 | Crypt:3  | Identified the +1 rapier of Amerr {elec, rN+}
 59365 | Crypt:3  | Reached skill level 22 in Shields
 60351 | Vaults:2 | Bought a heavy robe for 570 gold pieces
 60351 | Vaults:2 | Identified the +0 robe of Duuhir {Dex-4 Slay+6} (You bought
                  | it in a shop on level 2 of the Vaults)
 60351 | Vaults:2 | Bought a pair of glowing gloves for 750 gold pieces
 60458 | Vaults:5 | Entered Level 5 of the Vaults
 60561 | Vaults:5 | Reached skill level 23 in Shields
 60628 | Vaults:5 | Reached skill level 5 in Axes
 60752 | Vaults:5 | Identified the +5 spear of Mandamus {pain, rF+}
 60752 | Vaults:5 | Noticed an ancient lich
 60778 | Vaults:5 | Killed an ancient lich
 60955 | Vaults:5 | Reached skill level 10 in Evocations
 61035 | Vaults:5 | Identified the +2 robe "Vuevvagg" {rElec rF++ rC- rCorr}
 61196 | Vaults:5 | Noticed an ancient lich
 61208 | Vaults:5 | Killed an ancient lich
 61233 | Vaults:5 | Identified the +1 shortbow of the Pillar {heavy, rC++}
 61536 | Vaults:5 | Identified the ring "Imaps" {rF+ rC+ Will- Int+3}
 61541 | Vaults:5 | Noticed a dread lich
 61545 | Vaults:5 | Killed a dread lich
 61640 | Vaults:5 | Identified the Book of the Brume and Algor
 61867 | Vaults:5 | Got a silver rune of Zot
 62387 | Vaults:5 | Identified the +6 war axe of an ice cave {speed, rF- Int+4}
 63395 | D:9      | Acquired a manual of Armour
 63461 | D:8      | Bought a scroll of fear for 48 gold pieces
 63461 | D:8      | Bought a scroll of poison for 48 gold pieces
 63461 | D:8      | Bought a scroll of noise for 12 gold pieces
 63461 | D:8      | Bought 2 scrolls of fog for 96 gold pieces
 63461 | D:8      | Bought a scroll of fog for 48 gold pieces
 63461 | D:8      | Bought a scroll of poison for 48 gold pieces
 63534 | Orc:1    | Bought a scroll of teleportation for 51 gold pieces
 63534 | Orc:1    | Bought a scroll of fear for 68 gold pieces
 63534 | Orc:1    | Bought a scroll of summoning for 161 gold pieces
 63542 | Orc:1    | Bought a scroll of teleportation for 42 gold pieces
 63542 | Orc:1    | Bought a scroll of poison for 56 gold pieces
 63599 | Orc:2    | Bought a potion of brilliance for 52 gold pieces
 63599 | Orc:2    | Bought a scroll of summoning for 123 gold pieces
 63599 | Orc:2    | Bought a potion of heal wounds for 65 gold pieces
 63601 | Orc:2    | Bought a scroll of fear for 48 gold pieces
 63601 | Orc:2    | Bought a scroll of teleportation for 36 gold pieces
 63601 | Orc:2    | Bought a scroll of silence for 114 gold pieces
 63601 | Orc:2    | Bought a scroll of noise for 12 gold pieces
 63855 | Vaults:2 | Bought a pitted hand crossbow for 850 gold pieces
 63855 | Vaults:2 | Identified the +6 hand crossbow of the Ageless Leylines
                  | {drain, Fragile Int+3 Dex+3} (You bought it in a shop on
                  | level 2 of the Vaults)
 64169 | D:4      | Bought a scroll of poison for 56 gold pieces
 64169 | D:4      | Bought a scroll of noise for 14 gold pieces
 64561 | Zot:1    | Entered Level 1 of the Realm of Zot
 64666 | Zot:1    | Lost mutation: You sometimes lose your temper in combat.
                  | [potion of mutation]
 64666 | Zot:1    | Gained mutation: You are partially covered in iridescent
                  | scales. (AC +2) [potion of mutation]
 64846 | Zot:1    | Identified the ring "Uduucs" {Ice Str-5 Int+3 Stlth+}
 64846 | Zot:1    | Noticed Josephina
 64858 | Zot:1    | Killed Josephina
 65031 | Zot:1    | Identified the +7 hand crossbow of the Flying Big Fish
                  | {chaos, Str+4 Stlth+}
 65136 | Zot:1    | Noticed a Killer Klown
 65146 | Zot:1    | Killed a Killer Klown
 65208 | Zot:1    | Noticed a Killer Klown
 65208 | Zot:1    | Noticed a Killer Klown
 65208 | Zot:1    | Noticed a Killer Klown
 65210 | Zot:1    | Killed a Killer Klown
 65210 | Zot:1    | Identified the +7 battleaxe "Beastbane" {chaos, Will+
                  | Str+2}
 65216 | Zot:1    | Killed a Killer Klown
 65249 | Zot:1    | Found a large runed translucent door.
 65250 | Zot:1    | Found a large runed translucent door.
 65251 | Zot:1    | Found a large runed translucent door.
 65251 | Zot:1    | Found a shimmering altar of Xom.
 65251 | Zot:1    | Noticed a juggernaut
 65252 | Zot:1    | Identified the +4 chain mail "Ysyxa" {Str-2 Dex+4}
 65253 | Zot:1    | Killed a juggernaut
 65254 | Zot:1    | Killed a Killer Klown
 65384 | Zot:1    | Found a large runed translucent door.
 65384 | Zot:1    | Found a large runed translucent door.
 65385 | Zot:1    | Found a large runed translucent door.
 65421 | Zot:1    | Noticed a Killer Klown
 65423 | Zot:1    | Killed a Killer Klown
 65441 | Zot:1    | Reached skill level 15 in Armour
 65454 | Zot:1    | Noticed a Killer Klown
 65461 | Zot:1    | Killed a Killer Klown
 65500 | Zot:1    | Noticed a Killer Klown
 65511 | Zot:1    | Killed a Killer Klown
 65514 | Zot:1    | Found a large runed translucent door.
 65515 | Zot:1    | Found a large runed translucent door.
 67862 | Zot:4    | Reached skill level 10 in Axes
 69062 | Zot:5    | Entered Level 5 of the Realm of Zot
 69563 | Zot:5    | Noticed a Killer Klown
 69578 | Zot:5    | Killed a Killer Klown
 69618 | Zot:5    | Noticed an ancient lich
 69622 | Zot:5    | Killed an ancient lich
 69623 | Zot:5    | Noticed an orb of fire
 69626 | Zot:5    | Noticed an orb of fire
 69628 | Zot:5    | Killed an orb of fire
 69630 | Zot:5    | Killed an orb of fire
 69632 | Zot:5    | Noticed an ancient lich
 69636 | Zot:5    | Killed an ancient lich
 69636 | Zot:5    | Noticed an orb of fire
 69648 | Zot:5    | Noticed a dread lich
 69649 | Zot:5    | Killed an orb of fire
 69653 | Zot:5    | Killed a dread lich
 69781 | Zot:5    | Noticed an ancient lich
 69784 | Zot:5    | Noticed an orb of fire
 69785 | Zot:5    | Killed an ancient lich
 69792 | Zot:5    | Gained mutation: You are very vulnerable to cold. (rC--)
                  | [an orb of fire]
 69793 | Zot:5    | Killed an orb of fire
 70055 | Zot:5    | Noticed a Killer Klown
 70059 | Zot:5    | Killed a Killer Klown
 70085 | Zot:5    | Noticed an orb of fire
 70090 | Zot:5    | Lost mutation: You are very vulnerable to cold. (rC--) [an
                  | orb of fire]
 70091 | Zot:5    | Killed an orb of fire
 70247 | Zot:5    | Noticed a Killer Klown
 70250 | Zot:5    | Killed a Killer Klown
 70250 | Zot:5    | Noticed a Killer Klown
 70252 | Zot:5    | Killed a Killer Klown
 70351 | Zot:5    | Noticed an ancient lich
 70354 | Zot:5    | Killed an ancient lich
 70407 | Zot:5    | Noticed an ancient lich
 70410 | Zot:5    | Killed an ancient lich
 70416 | Zot:5    | Noticed an orb of fire
 70421 | Zot:5    | Killed an orb of fire
 70961 | Zot:5    | Got the Orb of Zot
 71047 | Zot:1    | Noticed Ituix the pandemonium lord
 71049 | Zot:1    | Killed Ituix the pandemonium lord
 71073 | Depths:4 | Noticed Ycwen the pandemonium lord
 71077 | Depths:4 | Killed Ycwen the pandemonium lord
 71336 | D:7      | Noticed Kajieqire the pandemonium lord
 71529 | D:1      | Woot!
 71530 | D:$      | Escaped with the Orb!

Illustrated notes

.#####..##....###..#.#
####.####
........##....#.....########.#
.............##...#..........#
#######......##..#############
# #.....©##.##.#
#.#...#####.##
#####....#####.#.#
#.>.....##.##©#.###
###.#######..###@#..# #.....#
##...##.#.#.# #..{..#
#....#.#.##.# #.....#
#........#..# #.....#
####.#.#...## #.....#
####.#.#.### #######
#......#.# ..# #.##.###.# #.#
#.##.###.#


Turn 71529 on D:1: Woot!

Levels and vault maps discovered:
D:1:      spicycebolla_arrival_risky_transporter, layout_loops_cross
D:2:      layout_basic, nicolae_ecumenical_snake_handling,
          nicolae_underground_beach
D:3:      layout_basic, nicolae_ru_the_path_less_chosen, kennysheep_boxes
D:4:      layout_cave_pools, mainiacjoe_overflow_divided_tiny,
          minmay_temple_entry_fiery, minmay_shop_grid_forest,
          minmay_statues_item, grunt_ministairs_9
D:5:      layout_cave_pools, serial_gnoll_camp, grums_kennel,
          gnoll_camp_mini_loothouse, gnoll_camp_mini_basic,
          gnoll_camp_mini_house, uniq_pikel, uniq_sigmund
D:6:      lemuel_ice_spiral_2, layout_basic, xom_butterflies,
          grunt_dithmenos_shadows, uniq_edmund
D:7:      layout_basic, cheibriados_altar_1, tso_oasis_becter,
          nemelex_altar_shiori, hangedman_decor_opposing, grunt_decor_cap
D:8:      layout_basic, serial_shops, nicolae_shop_advertising_works
          [nicolae_subvault_shop_adworks], uniq_grum, uniq_prince_ribbit1
D:9:      layout_gridville, overflow_temple_1_default, minmay_lair_entry_grove,
          serial_bayou, serial_bayou_pond_d, serial_bayou_lagoon_b,
          serial_bayou_pond_d, serial_bayou_shore_b, serial_bayou_pond_e,
          hangedman_abyss_or_decor_jellyfish_corner, uniq_gastronok
D:10:     layout_basic, nicolae_overflow_crystal_walls,
          minmay_orc_entry_temple_small
D:11:     layout_irregular_city, nicolae_transporter_intersection
D:12:     layout_rooms, minmay_mirror_moons_of_madness
D:13:     layout_stronghold, library_closet, grunt_decor_mini_mirrors,
          uniq_erolcha, uniq_sonja
D:14:     layout_cave_pools, david_vaults_5, chequers_serial_rivers_micro_c
D:15:     grunt_enter_depths_snipers, layout_cave_pools, fedhas_altar_3,
          ebering_ghost_funeral_grove, uniq_azrael, uniq_agnes
Lair:1:   layout_regular_city, hangedman_tree_tricks,
          chequers_serial_rivers_small_3, pdpol_lair_cabin_in_the_woods,
          infiniplex_staircase_pool
Lair:2:   layout_big_grid, spider_nest_entry_web_field
Lair:3:   wander_river, layout_misc_corridors,
          nicolae_swamp_entry_splash_gauntlet, serial_bayou_shore_a
Lair:4:   dreamdust_cave_troll, layout_hall_layers, lemuel_fruit_fields,
          uniq_snorg
Lair:5:   cheibrodos_lair_end_hotspot, layout_hall_layers,
          minmay_slime_entry_jelly_boxes
Swamp:1:  dpeg_oklob_gauntlet, layout_basic_swamp, nicolae_swamp_tree_isthmus,
          swamp_pool1
Swamp:2:  layout_falls_marsh, evilmike_swamp_ruin_house_4, st_swamp_ruins_2
Swamp:3:  layout_basic_swamp, nicolae_swamp_feature_on_the_river_bank
Swamp:4:  swamp_alternative, layout_basic_swamp, uniq_nikola, uniq_mlioglotl
Spider:1: nicolae_spider_mines_1
Spider:2: layout_spider_delve, nicolae_spider_eight_legs
Spider:3: layout_chambers, hangedman_spider_tarantella_strand, uniq_asterion,
          uniq_arachne
Spider:4: spider_rune_water, uniq_roxanne, uniq_aizul, uniq_kirke
Slime:1:  layout_caves
Slime:2:  layout_caves
Slime:3:  layout_caves, cheibrodos_slime_lost_civilization_5
Slime:4:  layout_caves
Slime:5
Orc:1:    layout_caves, portal_ice_cave_entry_imps, serial_shops, shop,
          nicolae_diamond_shop, shop, shop_fountains, nicolae_shop_trees,
          nicolae_shop_vocational
Orc:2:    st_orc_elflike, layout_diamond_mine, minmay_orc_keep
Elf:1:    minmay_elf_arrival_circle, layout_loops_cross, mu_enter_wizlab_5,
          evilmike_minifort, uniq_zenata
Elf:2:    elven_hall_of_blades_hangedman_original
          [infiniplex_blade_entry_pillars], layout_loops_cross, special_room
          [special_room_orc]
Elf:3:    elf_hall, layout_geoelf_grid, serial_shops, bzr_entry_safe
Vaults:1: v_rooms_5, v_misc_13, nicolae_vaults_network_periphery,
          dpeg_vaults_monster_box, ontoclasm_vaults_twist, v_misc_2,
          nicolae_vaults_gold_heap, nicolae_vaults_asterisk,
          layout_vaults_omnigrid, uniq_saint_roka
Vaults:2: kennysheep_vaults_gozag_temple, vaults_room_pools,
          nicolae_vaults_specimen_jars, nicolae_vaults_back_hallway,
          hangedman_vaults_river_flow, vaults_room_pool, v_misc_25,
          hangedman_vaults_variations, nicolae_vaults_little_squares_2,
          ontoclasm_vaults_loading_screen, vaults_room_pools, vaults_dpeg_doors,
          layout_vaults_chaotic_city, serial_shops, shop_statue, uniq_mara
Vaults:3: ontoclasm_vaults_shuriken, minmay_crypt_entry_simple_round,
          nicolae_vaults_little_squares_2, nicolae_vaults_arrows,
          nicolae_vaults_alarming, vaults_room_corners,
          nicolae_vaults_what_the_h, grunt_vaults_swirl, vaults_mumra_minichess,
          vaults_room_guarded_vault, vaults_dpeg_hooks, vaults_dpeg_diagonal,
          nicolae_vaults_little_ls, v_alt_pattern_1, layout_vaults_maze,
          serial_shops, shop_fountains, nicolae_trove_entry_columns
Vaults:4: hellmonk_ghost_happy_afterlife, v_misc_10, vaults_mumra_hexcomb,
          vaults_mumra_chevron_long, v_misc_5, vaults_mumra_chevron,
          vaults_room_ringed_pool, dpeg_vaults_monster_row, v_misc_28,
          vaults_standard_mumra_lines, layout_vaults_omnicross, uniq_frederick
Vaults:5
Crypt:1:  layout_chaotic_city, beargit_elvish_explorers,
          roderic_lattice_octagonal_star
Crypt:2:  layout_chaotic_city, weyrava_vampire_temple, uniq_donald
Crypt:3:  lightli_unholy_cathedral, layout_chaotic_city,
          tomb_entry_forgotten_bobbens, grunt_megastairs_1
Depths:1: layout_basic, minmay_room_of_horrors, pf_vacation_house_of_asmodeus,
          hangedman_decor_points, kennysheep_donut,
          ashenzari_conservatory_becter
Depths:2: evilmike_horseshoe, layout_cave_pools, grunt_hell_horde, pan_entry,
          minmay_staircase_windowed_small, serial_shops, bzr_entry_dummy,
          nicolae_square_shop, serial_bayou_shore_b
Depths:3: minmay_bloctagon, layout_basic, enter_ziggurat_d, hell_entry,
          abyss_entry, minmay_crystal_room, kennysheep_random_hallway
Depths:4: evilmike_zot_entry_basic, layout_cave_pools, elyvilon_altar_3,
          abyss_entry_small_statue_room, hell_entry
Zot:1:    layout_onion, st_small_dragon_hoard_4, hangedman_xom_zot_hilarity,
          grunt_megastairs_3, uniq_josephina
Zot:2:    layout_misc_corridors
Zot:3:    nicolae_moth_party, layout_misc_corridors,
          kennysheep_underground_church
Zot:4:    layout_cathedral_of_symmetry
Zot:5:    layout_gridlike

Skill      XL: |  1  2  3  4  5  6  7  8  9 10 11 12 13 14 15 16 17 18 19 20 21 22 23 24 25 26 27 |
---------------+----------------------------------------------------------------------------------+-----
Spellcasting   | 3 4 5 6 7 9 10 11 12 13 15 16 17 18 19 20 21 | 21.9
Fighting       | 1 2 4 6 7 9 10 12 13 14 16 17 18 20 21 | 21.9
Armour         | 1 2 3 4 6 8 9 10 11 13 18 | 18.9
Dodging        | 3 4 5 6 7 8 9 10 12 14 15 16 19 | 19.9
Shields        | 2 3 4 7 13 15 18 19 21 23 | 23.0
Ranged Weapons | 3 7 |  7.5
Axes           | 2 4 14 | 14.5
Evocations     | 8 13 | 13.7
Stealth        | |  1.5

Action                     |  1- 3 |  4- 6 |  7- 9 | 10-12 | 13-15 | 16-18 | 19-21 | 22-24 | 25-27 || total
---------------------------+-------+-------+-------+-------+-------+-------+-------+-------+-------++-------
  Melee: Dagger            |     6 |       |       |       |     1 |       |       |       |       ||     7
         Hand axe          |       |       |       |       |       |       |     1 |     2 |    14 ||    17
         Staff             |       |       |       |       |       |       |       |       |     5 ||     5
   Fire: Longbow           |       |       |       |    34 |   341 |    18 |       |       |       ||   393
   Cast: Sandblast         |    68 |    46 |       |     2 |       |       |       |       |       ||   116
         Stone Arrow       |       |     9 |   111 |   117 |    20 |   157 |   143 |   250 |   136 ||   943
         Petrify           |       |     1 |     1 |       |       |       |       |       |       ||     2
         Summon Ice Beast  |       |       |    10 |    35 |     7 |    14 |    19 |     3 |       ||    88
         Borgnjor's Vile C |       |       |       |    60 |   261 |   257 |   269 |   254 |   122 ||  1223
         Freezing Cloud    |       |       |       |       |    56 |    67 |    83 |    94 |    13 ||   313
         Vampiric Draining |       |       |       |       |     1 |     7 |       |       |       ||     8
         Static Discharge  |       |       |       |       |    17 |     7 |     4 |     1 |     2 ||    31
         Conjure Ball Ligh |       |       |       |       |     9 |   115 |    82 |    62 |    59 ||   327
         Passwall          |       |       |       |       |     2 |       |     2 |       |       ||     4
         Spellforged Servi |       |       |       |       |       |       |    27 |    70 |    30 ||   127
         Summon Horrible T |       |       |       |       |       |       |       |    13 |    47 ||    60
         Chain Lightning   |       |       |       |       |       |       |       |       |   547 ||   547
         Polar Vortex      |       |       |       |       |       |       |       |       |     6 ||     6
 Invoke: Curse Item        |       |       |     2 |     3 |     3 |     2 |     1 |     4 |     2 ||    17
         Shatter the Chain |       |       |       |     1 |     2 |       |     1 |     4 |     1 ||     9
    Use: Scroll            |       |       |     3 |       |     1 |       |     2 |     7 |    23 ||    36
         Potion            |       |       |       |       |     2 |       |       |       |    12 ||    14
 Armour: Robe              |     5 |     3 |       |       |       |       |       |       |       ||     8
         Ring mail         |       |       |     4 |    18 |    23 |       |       |       |       ||    45
         Troll leather arm |       |       |       |       |     4 |    54 |    20 |    21 |    29 ||   128
  Dodge: Dodged            |    35 |    27 |    22 |    42 |    81 |   110 |    77 |    66 |   107 ||   567
  Block: Buckler           |       |       |       |       |       |    46 |    38 |    11 |       ||    95
         Kite shield       |       |       |       |       |       |       |       |    75 |    76 ||   151
         Tower shield      |       |       |       |       |       |       |       |       |    46 ||    46

Table legend: (Time is in decaauts)
 A = Elapsed time spent in this place.
 B = Non-inter-level travel time spent in this place.
 C = Inter-level travel time spent in this place.
 D = Time resting spent in this place.
 E = Time spent auto-exploring this place.
 F = Levels seen in this place.
 G = Mean time per level.
                   A        B        C        D        E       F      G
               +--------+--------+--------+--------+--------+-----+--------+
         Total |  71972 |  57451 |  14521 |   8203 |  26659 |  60 | 1199.5 |
       Dungeon |  21437 |  14297 |   7140 |   1898 |   8268 |  15 | 1429.1 |
          Lair |   6238 |   4805 |   1433 |    238 |   3031 |   5 | 1247.6 |
         Swamp |   2932 |   2674 |    258 |    195 |   1492 |   4 |  733.0 |
   Spider Nest |   5349 |   4360 |    989 |    649 |   1483 |   4 | 1337.2 |
    Slime Pits |   3160 |   2903 |    257 |   1335 |    833 |   5 |  632.0 |
  Orcish Mines |   1912 |   1336 |    576 |    352 |    401 |   2 |  956.0 |
   Elven Halls |   3849 |   3576 |    273 |    325 |   1318 |   3 | 1283.0 |
        Vaults |  10660 |   8502 |   2158 |    744 |   3860 |   5 | 2132.0 |
         Crypt |   3591 |   3368 |    223 |    490 |   1612 |   3 | 1197.0 |
        Depths |   4325 |   3670 |    655 |    380 |   1635 |   4 | 1081.2 |
           Zot |   6421 |   5868 |    553 |   1310 |   2595 |   5 | 1284.2 |
        Bazaar |    170 |    170 |      0 |      0 |    105 |   2 |   85.0 |
         Trove |     76 |     76 |      0 |      0 |      0 |   1 |   76.0 |
      Ice Cave |    835 |    835 |      0 |    177 |     26 |   1 |  835.0 |
        Wizlab |   1008 |   1008 |      0 |    109 |      0 |   1 | 1008.0 |
               +--------+--------+--------+--------+--------+-----+--------+

Top non-repeatable levels by time:
Vaults:5: 2676 daAuts
     D:9: 2311 daAuts
Vaults:1: 2299 daAuts
Vaults:3: 2115 daAuts
Spider:3: 2096 daAuts
Vaults:2: 1998 daAuts
   Zot:5: 1833 daAuts
  Lair:5: 1830 daAuts
    D:14: 1815 daAuts
    D:11: 1794 daAuts
     D:5: 1728 daAuts
     D:6: 1720 daAuts
   Zot:1: 1699 daAuts
   Elf:3: 1691 daAuts
  Lair:1: 1603 daAuts
